 Dungeon Crawl Stone Soup version 0.30-a0-748-ge6a52f7cba (webtiles) character file.

Game seed: 1194011069413024650

610 Dittersdorf the Shield-Bearer (level 7, -2/44 HPs)
             Began as a Gargoyle Fighter on Feb 8, 2023.
             Was a Believer of Okawaru.
             Killed from afar by Dowan (9 damage)
             ... with a puff of flame
             ... on level 4 of the Dungeon.
             The game lasted 00:03:34 (2736 turns).

Dittersdorf the Shield-Bearer (Gargoyle Fighter)    Turns: 2736, Time: 00:03:34

Health: -2/44      AC: 20    Str: 21    XL:     7   Next: 43%
Magic:  7/7        EV:  9    Int:  9    God:    Okawaru [**....]
Gold:   178        SH:  6    Dex:  9    Spells: 6/6 levels left

rFire   . . .      SeeInvis .    a - +0 flail (freeze)
rCold   + . .      Faith    .    c - +1 buckler
rNeg    + . .      Spirit   .    b - +7 Kryia's mail coat {PotionHeal*2 rC+}
rPois   ∞          Reflect  .    (no helmet)
rElec   +          Harm     .    (no cloak)
rCorr   .          Rampage  .    f - +0 pair of gloves
Will    .....                    (no boots) Stlth
                                 (no amulet)
HPRegen 0.27/turn                (no ring)
MPRegen 0.10/turn                (no ring)

@: no status effects
A: sickness immunity, AC +4, negative energy resistance 1, electricity
resistance, torment resistance 1, petrification resistance
a: Renounce Religion, Heroism


You were on level 4 of the Dungeon.
You worshipped Okawaru.
Okawaru was pleased with you.
You visited 1 branch of the dungeon, and saw 4 of its levels.

You collected 178 gold pieces.

Inventory:

Hand Weapons
 a - a +0 flail of freezing (weapon)
Missiles
 e - 15 poisoned darts (quivered)
Armour
 b - the +7 Kryia's mail coat (worn) {PotionHeal*2 rC+}
   (You acquired it on level 4 of the Dungeon)

   PotionHeal*2: Potions heal its wearer twice as much.
   rC:        It protects you from cold.
 c - a +1 buckler (worn)
 f - a +0 pair of gloves (worn)
Scrolls
 q - a scroll of enchant armour
Potions
 d - a potion of might
 g - 3 potions of flight {unknown}
 i - a potion of haste {unknown}
 j - a potion of heal wounds
 o - a potion of mutation


   Skills:
 + Level 5.3 Fighting
 + Level 4.2 Maces & Flails
 + Level 5.3 Armour
 + Level 5.4 Shields


You had 6 spell levels left.
You didn't know any spells.
Your spell library contained the following spells:

 Spells                   Type           Power      Damage    Failure   Level
 Ignite Poison            Fire/Tmut/Pois 0%         N/A       99%         3
 Kindle Blastsparks       Fire/Tloc/Air  0%         2d10      99%         3
 Freezing Cloud           Conj/Ice/Air   0%         6-21      100%        5


Dungeon Overview and Level Annotations

Branches:
Dungeon (4/15)
 Temple: D:4-7

Altars:
Okawaru

Annotations:
D:4 Dowan


Innate Abilities, Weirdness & Mutations

You are immune to sickness and miasma.
Your stone body is resilient. (AC +4)
You are immune to poison.
You resist negative energy. (rN+)
You are resistant to electric shocks. (rElec)
You are resistant to unholy torment.
You are immune to petrification.


Message History

Duvessa is severely wounded.
You hear the slow hiss of a very distant avalanche of sand.
Dowan hits you with a +2 dagger of holy wrath.
Duvessa hits you but does no damage.
You hit Duvessa but do no damage.
Duvessa is severely wounded.
Dowan hits you but does no damage. Duvessa hits you with a +0 short sword.
You completely miss Duvessa.
Duvessa is severely wounded.
Dowan gestures at you while chanting. The puff of flame misses you.
The puff of flame hits Duvessa!
Duvessa dies!
Dowan screams in horror.
Dowan seems to find hidden reserves of power!
You hit the endoplasm. You freeze the endoplasm.
The endoplasm is almost dead.
Dowan barely misses you. The endoplasm barely misses you.
Dowan zaps a wand.
The puff of flame hits you.
* * * LOW HITPOINT WARNING * * *
The endoplasm freezes you.
You are frozen.
You resist.
* * * LOW HITPOINT WARNING * * *
You hit the endoplasm but do no damage.
The endoplasm is almost dead.
Dowan hits you but does no damage. You block Dowan's attack.
The endoplasm hits you but does no damage.
You barely miss the endoplasm.
The endoplasm is almost dead.
Dowan hits you with a +2 dagger of holy wrath.
* * * LOW HITPOINT WARNING * * *
You block the endoplasm's attack.
Dowan shakes his head, saying, "No, no, no!"
Dowan zaps a wand.
The puff of flame misses you.
The puff of flame hits the endoplasm!
The endoplasm dies!
There is a stone staircase leading up here.
Items here: ) / [[[ †.
You barely miss Dowan. You block Dowan's attack.
Dowan zaps a wand.
The puff of flame hits you!
You die...

##.. ##...#
#.... .#.# #
#..## #
...#.##...####.#
................
###..##.....###
#......#@#.#
....>###e# .#
#.ee# #.#
.J.......#
..######.# ..
... ... .....
.....


You could see Dowan (fast).

Vanquished Creatures
  Grinder (D:3)
  Sigmund (D:3)
  Ijyb (D:3)
  6 adders
  3 gnolls (D:2)
  A worm (D:2)
  5 dart slugs
  An orc (D:2)
  4 ball pythons
  9 bats
  5 endoplasms
  A giant cockroach (D:2)
  2 hobgoblins (D:3)
  7 jackals
  4 kobolds
  A quokka (D:1)
  6 frilled lizards
  5 goblins
  6 rats
69 creatures vanquished.

Vanquished Creatures (others)
  Duvessa (D:4)
  An endoplasm (D:4)
2 creatures vanquished.

Grand Total: 71 creatures vanquished

Notes
Turn   | Place    | Note
-------+----------+-------------------------------------------
     0 | D:1      | Dittersdorf the Gargoyle Fighter began the quest for the
                  | Orb.
     0 | D:1      | Reached XP level 1. HP: 14/14 MP: 1/1
   318 | D:1      | Reached XP level 2. HP: 13/19 MP: 2/2
  1016 | D:2      | Reached XP level 3. HP: 22/23 MP: 3/3
  1149 | D:2      | Reached XP level 4. HP: 29/29 MP: 4/4
  1211 | D:2      | Found an iron altar of Okawaru.
  1220 | D:2      | Became a worshipper of Warmaster Okawaru
  1681 | D:3      | Noticed Sigmund
  1710 | D:2      | Reached XP level 5. HP: 14/33 MP: 5/5
  1809 | D:3      | Killed Sigmund
  1809 | D:3      | Reached * piety under Okawaru
  1810 | D:3      | Reached XP level 6. HP: 30/39 MP: 6/6
  1940 | D:3      | Noticed Ijyb
  1979 | D:3      | HP: 1/39 [constriction (5)]
  2164 | D:3      | Killed Ijyb
  2209 | D:3      | Noticed Grinder
  2253 | D:3      | Killed Grinder
  2253 | D:3      | Reached ** piety under Okawaru
  2254 | D:3      | Reached skill level 5 in Fighting
  2254 | D:3      | Reached skill level 5 in Armour
  2254 | D:3      | Reached skill level 5 in Shields
  2254 | D:3      | Reached XP level 7. HP: 24/44 MP: 7/7
  2691 | D:4      | Identified a scroll of acquirement
  2691 | D:4      | Acquired the +7 Kryia's mail coat {PotionHeal*2 rC+}
  2691 | D:4      | Found the +7 Kryia's mail coat {PotionHeal*2 rC+}
  2705 | D:4      | Noticed Duvessa
  2705 | D:4      | Noticed Dowan
  2731 | D:4      | Killed Duvessa
  2736 | D:4      | Killed from afar by Dowan

Illustrated notes

Levels and vault maps discovered:
D:1:      dpeg_arrival_three_same_balls, layout_loops_corners
D:2:      minmay_door_path, layout_rooms, basic_altar, hangedman_decor_slide_cut
D:3:      layout_basic, uniq_ijyb, uniq_grinder, uniq_sigmund
D:4:      layout_rooms, chequers_ossuary_entry_cave, uniq_edmund, uniq_duvessa

Skill      XL: |  1  2  3  4  5  6 |
---------------+-------------------+-----
Shields        | 4 5 |  5.4
Armour         | 4 5 |  5.3
Fighting       | 4 5 |  5.3
Maces & Flails | 3 4 |  4.2

Action                     |  1- 3 |  4- 6 |  7- 9 || total
---------------------------+-------+-------+-------++-------
  Melee: Flail             |   104 |   144 |    45 ||   293
  Throw: Dart              |       |     5 |       ||     5
    Use: Scroll            |       |       |     7 ||     7
 Armour: Scale mail        |    35 |       |    19 ||    54
         Chain mail        |    45 |   121 |    36 ||   202
  Dodge: Dodged            |    29 |    61 |    26 ||   116
  Block: Buckler           |    21 |    33 |    16 ||    70

Table legend: (Time is in decaauts)
 A = Elapsed time spent in this place.
 B = Non-inter-level travel time spent in this place.
 C = Inter-level travel time spent in this place.
 D = Time resting spent in this place.
 E = Time spent auto-exploring this place.
 F = Levels seen in this place.
 G = Mean time per level.
                   A        B        C        D        E       F      G
               +--------+--------+--------+--------+--------+-----+--------+
         Total |   2823 |   2725 |     98 |    294 |   1776 |   4 |  705.8 |
       Dungeon |   2823 |   2725 |     98 |    294 |   1776 |   4 |  705.8 |
               +--------+--------+--------+--------+--------+-----+--------+

Top non-repeatable levels by time:
     D:1: 1032 daAuts
     D:2: 957 daAuts
     D:3: 776 daAuts
     D:4: 57 daAuts
